[Event "US Masters"]
[Site "Charlotte USA"]
[Date "2023.11.25"]
[Round "6.21"]
[White "Mendes, Aaron Reeve"]
[Black "Cruz, Cristhian"]
[Result "0-1"]
[ECO "C00"]
[WhiteElo "2262"]
[BlackElo "2498"]
[PlyCount "142"]
[GameId "2129404702747985"]
[EventDate "2023.11.24"]
[EventType "swiss"]
[EventRounds "9"]
[EventCountry "USA"]
[SourceTitle "10 Days #742"]
[Source "ChessMix"]
[SourceDate "2023.12.01"]
[SourceVersion "1"]
[SourceVersionDate "2023.12.01"]
[SourceQuality "1"]
[TimeControl "5400+30"]

1. e4 e6 2. Nf3 d5 3. Nc3 d4 4. Ne2 c5 5. c3 Nf6 6. e5 Nfd7 7. cxd4 cxd4 8. Nexd4 Nxe5 9. Nxe5 Qxd4 10. Nf3 Qd6 11. d4 Be7 12. Bd3 O-O 13. O-O Nc6 14. Be3 b6 15. Be4 Bb7 16. Ne5 f5 17. Bxc6 Bxc6 18. Bf4 Qd5 19. Nxc6 Qxc6 20. Qb3 Qd5 21. Qxd5 exd5 22. Rac1 Rac8 23. Be5 Kf7 24. Rfe1 Bb4 25. Red1 Bd2 26. Rc7+ Rxc7 27. Bxc7 Bh6 28. Bd6 Rc8 29. Bb4 Rc2 30. Rb1 Bc1 31. Bc3 Bd2 32. Bxd2 Rxd2 33. Kf1 Ke6 34. Ke1 Rxd4 35. b3 a5 36. f3 Kd6 37. Ke2 f4 38. a3 b5 39. g3 g6 40. Rb2 h5 41. Rb1 g5 42. Rg1 Ke5 43. h4 g4 44. fxg4 hxg4 45. gxf4+ Kxf4 46. Rf1+ Kg3 47. h5 Re4+ 48. Kd3 Re6 49. Rf5 Kh4 50. Kd4 g3 51. Kxd5 Rh6 52. Rf4+ Kh3 53. Rf5 Kg4 54. Rf1 g2 55. Rg1 Kg3 56. Kc5 Rxh5+ 57. Kb6 b4 58. axb4 axb4 59. Rc1 Rh1 60. Rc7 g1=Q+ 61. Kb7 Qd4 62. Ka8 Ra1+ 63. Kb8 Qd8+ 64. Kb7 Qa8+ 65. Kb6 Qa5+ 66. Kc6 Rc1+ 67. Kd6 Qxc7+ 68. Ke6 Re1+ 69. Kf6 Qd6+ 70. Kf7 Re7+ 71. Kg8 Qd8# 0-1